 Dungeon Crawl Stone Soup version 0.25-a0-942-g87a53962fc (webtiles) character file.

Game seed: 16302030970900026043, levelgen mode: deterministic

2431 kae the Frost Mage (level 9, -14/69 HPs)
             Began as a Merfolk Ice Elementalist on May 6, 2020.
             Was an Initiate of Okawaru.
             Killed from afar by Maggie (34 damage)
             ... with a bolt of fire
             ... on level 7 of the Dungeon.
             The game lasted 00:08:50 (9602 turns).

kae the Frost Mage (Merfolk Ice Elementalist)       Turns: 9602, Time: 00:08:51

Health: -14/69     AC:  3    Str: 12    XL:     9   Next: 48%
Magic:  17/17      EV: 13    Int: 14    God:    Okawaru [......]
Gold:   307        SH:  0    Dex: 14    Spells: 15/19 levels left

rFire    . . .     SeeInvis .   b - +1 spear (drain)
rCold    . . .     Gourm    .   (no shield)
rNeg     . . .     Faith    .   h - +1 robe
rPois    +         Spirit   .   (no helmet)
rElec    .         Reflect  .   (no cloak)
rCorr    .         Harm     .   (no gloves)
MR       .....                  (no boots)
Stlth    ++........             (no amulet)
HPRegen  0.21/turn              v - ring of poison resistance
MPRegen  0.15/turn              (no ring)

@: about to teleport, mesmerised
A: change form in water, swift swim, stealthy swim
a: Renounce Religion


You were on level 7 of the Dungeon.
You worshipped Okawaru.
Okawaru was noncommittal.
You were not hungry.

You visited 2 branches of the dungeon, and saw 8 of its levels.
You also visited: Sewer.

You collected 307 gold pieces.

Inventory:

Hand Weapons
 a - a +4 whip
 b - a +1 spear of draining (weapon)
 d - a +0 club
Armour
 h - a +1 robe (worn)
Jewellery
 v - a ring of poison resistance (left hand)
Wands
 p - a wand of disintegration (26)
 w - a wand of enslavement (11)
Scrolls
 e - a scroll of magic mapping
 f - 3 scrolls of remove curse
 j - a scroll of teleportation
 l - a scroll of fog
 t - 4 scrolls of blinking
 x - a scroll of identify
 y - a scroll of enchant weapon
Potions
 g - 2 potions of haste
 i - 3 potions of lignification
 k - 3 potions of stabbing
 m - a potion of invisibility
 n - 3 potions of degeneration
 o - 2 potions of might
 q - 2 potions of ambrosia
 u - 2 potions of brilliance
 z - a potion of cancellation
Comestibles
 c - 14 rations


   Skills:
 + Level 6.0 Fighting
 + Level 7.1 Polearms
 - Level 2.6 Dodging
 - Level 2.1 Stealth
 + Level 5.5 Spellcasting
 * Level 9.9 Ice Magic


You had 15 spell levels left.
You knew the following spells:

 Your Spells              Type           Power        Failure   Level  Hunger
a - Freeze                Ice            ####         1%          1    None
b - Frozen Ramparts       Ice            ####..       1%          3    ###....

Your spell library contained the following spells:

 Spells                   Type           Power        Failure   Level  Hunger
 Ozocubu's Armour         Chrm/Ice       ###.....     6%          3    ###....
 Hailstorm                Conj/Ice       ###.....     22%         4    ####...
 Summon Ice Beast         Ice/Summ       ###.....     22%         4    ####...


Dungeon Overview and Level Annotations

Branches:
Dungeon (7/15)             Temple (1/1) D:6           Sewer (visited)

Altars:
Ashenzari
Cheibriados
Dithmenos
Elyvilon
Fedhas
Hepliaklqana
Kikubaaqudgha
Makhleb
Nemelex Xobeh
Okawaru
Qazlal
Ru
Sif Muna
Trog
Uskayaw
Vehumet
Wu Jian
Xom
Yredelemnul
The Shining One

Shops:
D:6 =

Annotations:
D:7 1 runed translucent door, Maggie


Message History

The iceblast engulfs you!
You cannot move away from Maggie!
Your surroundings seem slightly different.
A jelly comes into view.
Found a chunk of flesh.
As you read the scroll of teleportation, it crumbles to dust.
You feel strangely unstable.
Maggie gestures wildly while chanting.
Maggie draws you further into her thrall.
You feel better.
Maggie hits you from afar with a +0 halberd of flaming!
* * * LOW HITPOINT WARNING * * *
Maggie burns you.
* * * LOW HITPOINT WARNING * * *
You feel better.
Maggie gestures wildly while chanting.
Maggie draws you further into her thrall.
Maggie casts a spell at you. The bolt of fire hits you!!
You die...

#........#
#........###
####.........##
#.##..........#
##..##......%...
#....##.........
#.....#.@.......
##...........##
#......@J...%.#
##.###........%#
#..........
##.........
.........#
...........
.##.##.##.# ..
..# ## .#


You could see Maggie and a jelly.

Vanquished Creatures
  Pikel (D:5)
  Prince Ribbit (D:7)
  2 slaves (D:5)
  A sky beast (D:5)
  An ogre (D:5)
  3 centaurs
  3 scorpions
  3 crimson imps
  4 hounds
  An orc priest (D:7)
  6 orc wizards
  A bullfrog skeleton (D:4)
  A centaur skeleton (D:7)
  Jessica (D:6)
  3 iguanas (D:4)
  Natasha (thrice) (D:3)
  8 worker ants
  A hound skeleton (D:4)
  A worker ant zombie (D:5)
  10 gnolls
  3 howler monkey skeletons
  8 adders
  3 river rats (Sewer)
  An adder zombie (D:6)
  An adder skeleton (D:4)
  2 worms (D:3)
  2 dart slugs
  2 leopard geckos
  16 orcs
  10 giant cockroaches
  9 goblins
  7 hobgoblins
  3 quokkas
  4 ball pythons
  A ball python skeleton (D:4)
  8 bats
  9 frilled lizards
  13 kobolds
  16 rats
173 creatures vanquished.

Vanquished Creatures (others)
  A goblin (D:3)
1 creature vanquished.

Grand Total: 174 creatures vanquished

Notes
Turn   | Place    | Note
-------+----------+-------------------------------------------
     0 | D:1      | kae the Merfolk Ice Elementalist began the quest for the
                  | Orb.
     0 | D:1      | Reached XP level 1. HP: 13/13 MP: 3/3
   233 | D:1      | Reached XP level 2. HP: 20/20 MP: 1/5
   458 | D:1      | Reached skill level 1 in Fighting
   591 | D:1      | Reached XP level 3. HP: 20/26 MP: 2/6
   595 | D:1      | Reached skill level 5 in Ice Magic
  1743 | D:2      | Reached XP level 4. HP: 31/32 MP: 3/7
  1905 | D:2      | Found a burning altar of Makhleb.
  2321 | D:3      | Found a stormy altar of Qazlal.
  2337 | D:3      | Found a sacrificial altar of Ru.
  2442 | D:3      | Reached XP level 5. HP: 33/38 MP: 5/9
  2444 | D:3      | Found a glowing drain.
  2452 | Sewer    | Entered a sewer
  2567 | Sewer    | Learned a level 3 spell: Frozen Ramparts
  2637 | Sewer    | Reached skill level 6 in Ice Magic
  2929 | D:3      | Noticed Natasha
  2936 | D:3      | Killed Natasha
  3052 | D:3      | Noticed Natasha
  3061 | D:3      | Killed Natasha
  3061 | D:3      | Reached skill level 1 in Polearms
  3061 | D:3      | Reached XP level 6. HP: 27/46 MP: 5/10
  3428 | D:3      | Noticed Natasha
  3433 | D:3      | Killed Natasha
  4159 | D:4      | Reached XP level 7. HP: 47/52 MP: 9/12
  4300 | D:4      | Reached skill level 7 in Ice Magic
  4558 | D:4      | Found an ancient bone altar of Kikubaaqudgha.
  5455 | D:4      | Reached XP level 8. HP: 39/60 MP: 7/14
  5693 | D:4      | Found a white marble altar of Elyvilon.
  5837 | D:5      | Entered Level 5 of the Dungeon
  5844 | D:5      | Found an iron altar of Okawaru.
  5844 | D:5      | Found a basalt altar of Yredelemnul.
  5844 | D:5      | Found a blossoming altar of Fedhas.
  5845 | D:5      | Found a bloodstained altar of Trog.
  6071 | D:5      | Found a hide-covered altar of Uskayaw.
  6325 | D:5      | Reached skill level 8 in Ice Magic
  6559 | D:5      | Noticed Pikel
  6570 | D:5      | Killed Pikel
  6570 | D:5      | Reached skill level 5 in Fighting
  6570 | D:5      | Reached skill level 5 in Polearms
  6784 | D:5      | Reached skill level 9 in Ice Magic
  6801 | D:5      | Reached skill level 5 in Spellcasting
  6801 | D:5      | Reached XP level 9. HP: 32/68 MP: 8/16
  7812 | D:6      | Found a staircase to the Ecumenical Temple.
  7909 | Temple   | Entered the Ecumenical Temple
  8153 | D:5      | Became a worshipper of Warmaster Okawaru
  8223 | D:6      | Found Nemumay's Jewellery Emporium.
  8431 | D:6      | Noticed Jessica
  8440 | D:6      | Killed Jessica
  8446 | D:6      | Found a shimmering blue altar of Sif Muna.
  8465 | D:7      | Found a runed translucent door.
  8783 | D:7      | Noticed Prince Ribbit
  9033 | D:7      | Killed Prince Ribbit
  9376 | D:7      | Noticed Maggie
  9396 | D:7      | HP: 2/69 [Maggie/+0 halberd of flaming (3)]
  9602 | D:7      | Killed from afar by Maggie

Levels and vault maps discovered:
D:1:      ebering_trefoil_3fold, layout_rooms
D:2:      layout_loops_ring, lemuel_round_altar, first_ration, serial_forest,
          infiniplex_forest_lined_1, infiniplex_forest_end_double,
          infiniplex_forest_corner_1, infiniplex_forest_diagonal,
          infiniplex_forest_end_2, infiniplex_forest_pool,
          infiniplex_forest_clump_large
D:3:      layout_loops_ring, grunt_qazlal_clouds, old_standard_altar,
          gup_sewer_entry_bubbles, uniq_natasha
D:4:      layout_cave_pools, kiku_gazebo_pond_becter,
          lemuel_coloured_pillars_altar, minmay_circle_x
D:5:      layout_basic, minitemple, eat_drink_and_be_merry_uskayaw,
          nicolae_ossuary_entry_false_entrances, uniq_pikel
D:6:      layout_basic, tgw_sif, minmay_temple_entry_glass, serial_shops,
          nicolae_shop_behind_doors
D:7:      layout_cave_pools, serial_glass, glass_columns_b, glass_columns_a,
          glass_columns_c, glass_columns_a, glass_columns_a, glass_columns_a,
          glass_columns_a, glass_columns_b, glass_columns_a, glass_columns_a,
          glass_columns_a, glass_columns_b, glass_columns_b, glass_columns_c,
          lightli_church_of_beogh, uniq_prince_ribbit1, uniq_menkaure,
          uniq_maggie
Temple:   grunt_temple_mini_profane

Skill      XL: |  1  2  3  4  5  6  7  8  9 |
---------------+----------------------------+-----
Fighting       | 1 2 3 4 5 6 |  6.0
Ice Magic      | 5 6 7 9 |  9.9
Spellcasting   | 3 4 5 |  5.5
Polearms       | 1 2 4 6 7 |  7.1
Dodging        | |  2.6
Stealth        | |  2.1

Action                   |  1- 3 |  4- 6 |  7- 9 || total
-------------------------+-------+-------+-------++-------
Melee: Unarmed           |     5 |       |       ||     5
       Club              |    26 |       |       ||    26
       Whip              |    14 |    36 |       ||    50
       Tailslap          |       |     2 |       ||     2
       Spear             |       |    41 |   145 ||   186
 Cast: Freeze            |    40 |    66 |   100 ||   206
       Frozen Ramparts   |       |     3 |    18 ||    21
Evoke: Wand              |       |       |     2 ||     2
  Use: Scroll            |       |    11 |    12 ||    23
       Potion            |       |       |     3 ||     3
 Stab: Sleeping          |     1 |     8 |     6 ||    15
       Distracted        |       |       |     3 ||     3
  Eat: Chunk             |     3 |     8 |     9 ||    20
       Ration            |       |       |     3 ||     3
Armor: Robe              |    10 |     5 |    22 ||    37
Dodge: Dodged            |    57 |    78 |   128 ||   263

Table legend:
 A = Non-vault XP
 B = Vault XP
 C = Vault XP percentage of total XP
 D = Non-vault monster count
 E = Vault monster count
 F = Vault count percentage of total count
                 A         B        C        D         E       F
            +---------+---------+-------+---------+---------+-------
      Total |    2300 |    1174 |  33.8 |     140 |      32 |  18.6
            +---------+---------+-------+---------+---------+-------
        D:1 |      42 |       0 |   0.0 |      28 |       0 |   0.0
        D:2 |      53 |       0 |   0.0 |      20 |       0 |   0.0
        D:3 |     341 |      58 |  14.5 |      32 |       7 |  17.9
        D:4 |     536 |     105 |  16.4 |      25 |       4 |  13.8
        D:5 |     535 |     641 |  54.5 |      11 |       1 |   8.3
        D:6 |     469 |      37 |   7.3 |      10 |       1 |   9.1
        D:7 |     324 |     264 |  44.9 |      14 |       1 |   6.7
      Sewer |       0 |      69 | 100.0 |       0 |      18 | 100.0
            +---------+---------+-------+---------+---------+-------
